 Dungeon Crawl Stone Soup version 0.31.0-11-ge490571c62 (webtiles) character file.

Game seed: 7504949834551229723

10 protoss039 the Digger (level 2, 20/20 HPs)
             Began as a Demonspawn Earth Elementalist on Jan 31, 2024.
             Got out of the dungeon alive.
             The game lasted 00:00:35 (193 turns).

protoss039 the Digger (DsEE)                         Turns: 193, Time: 00:00:35

Health: 20/20      AC:  2    Str:  8    XL:     2   Next: 10%
Magic:  3/5        EV: 12    Int: 15    God:
Gold:   22         SH:  0    Dex: 13    Spells: 4/5 levels left

rFire   . . .        f - +0 dagger
rCold   . . .        (no shield)
rNeg    . . .        a - +0 robe
rPois   .            (no helmet)
rElec   .            (no cloak)
rCorr   .            (no gloves)
SInv    .            (no boots)
Will    .....        (no amulet)
Stlth   ++           (no ring)
HPRegen 0.23/turn    (no ring)
MPRegen 0.09/turn

%: no passive effects
@: no status effects
A: ignite blood 1
a: no special abilities


You escaped.
You visited 1 branch of the dungeon, and saw 1 of its levels.

You collected 22 gold pieces.

Inventory:

Hand Weapons
 f - a +0 dagger (weapon)
Armour
 a - a +0 robe (worn)
Scrolls
 c - a scroll of identify {unknown}
Potions
 b - a potion of magic
 d - a potion of degeneration {unknown}
 e - a potion of ambrosia {unknown}


   Skills:
 + Level 0.9 Fighting
 - Level 1.7 Dodging
 - Level 1.7 Stealth
 + Level 2.2 Spellcasting
 - Level 1.0 Conjurations
 + Level 2.9 Earth Magic


You had 4 spell levels left.
You knew the following spells:

 Your Spells              Type           Power      Damage    Failure   Level
a - Sandblast             Erth           20%        2d7       7%          1

Your spell library contained the following spells:

 Spells                   Type           Power      Damage    Failure   Level
 Passwall                 Erth           10%        N/A       21%         3
 Stone Arrow              Conj/Erth      14%        3d7       28%         3
 Brom's Barrelling Bould  Conj/Erth      7%         2d3       67%         4
 Petrify                  Alch/Erth      6%         N/A       75%         4


Dungeon Overview and Level Annotations

Branches:
Dungeon (1/15) Zot: 5803

Altars:


Innate Abilities, Weirdness & Mutations

Your demonic aura sometimes causes spilled blood to erupt in flames.


Message History

You hit the frilled lizard.
You kill the frilled lizard!
Casting: Sandblast (safe; 7% risk of failure)
Confirm with . or Enter, or press ? or * to list all spells.
Aiming: Sandblast (safe; 7% risk of failure)
Press: ? - help, Shift-Dir - straight line, f - endoplasm
Aim: an endoplasm (98% to hit)
The blast of sand hits the endoplasm.
You kill the endoplasm!
You have reached level 2!
Your demonic ancestry asserts itself...
Your blood heats up.
You see here a frilled lizard corpse.
You hit the goblin but do no damage. The goblin hits you with a +0 club.
Unknown command.
You closely miss the goblin. The goblin hits you but does no damage.
Unknown command.
You barely miss the goblin. The goblin closely misses you.
Unknown command.
Casting: Sandblast (safe; 7% risk of failure)
Confirm with . or Enter, or press ? or * to list all spells.
You don't have enough magic to cast this spell.
Unknown command.
You hit the goblin but do no damage. The goblin hits you but does no damage.
You hit the goblin.
The goblin is heavily wounded.
The goblin closely misses you.
You hit the goblin.
You kill the goblin!
Things that are here:
a +0 club; a goblin corpse You hit the rat.
The rat is severely wounded.
The rat closely misses you.
You hit the rat.
You kill the rat!
You see here a frilled lizard corpse.
HP restored.
There is a staircase leading out of the dungeon here.
You have escaped!

########### #.........#
####..## #.. #....#.###.#
# #..####.#.# .# ##..##
##.## #.# #..#.###.#.###.#
#.###.#.#.#.#.# ## #.#
##.#.@.#.## #####.
#.###.#.#.#.#.## ##...#.
#..#.###.#.###.#####......
#...## ##.## ##..##.......
#.### #.#.# ##.##....$..
#.# #.# #.# #..........
#.# #.# #.##..###......
#.####.# ....## ##...#)
#......#####.### #.#...


There were no monsters in sight!

Vanquished Creatures
  A ball python (D:1)
  An endoplasm (D:1)
  A goblin (D:1)
  2 hobgoblins (D:1)
  A kobold (D:1)
  A bat (D:1)
  A frilled lizard (D:1)
  A rat (D:1)
9 creatures vanquished.

Notes
Turn   | Place    | Note
-------+----------+-------------------------------------------
     0 | D:1      | protoss039 the Demonspawn Earth Elementalist began the
                  | quest for the Orb.
     0 | D:1      | Reached XP level 1. HP: 13/13 MP: 3/3
   164 | D:1      | Gained mutation: Your demonic aura sometimes causes spilled
                  | blood to erupt in flames. [demonic ancestry]
   164 | D:1      | Reached XP level 2. HP: 19/20 MP: 0/5
   193 | D:$      | Got out of the dungeon alive.

Illustrated notes

Levels and vault maps discovered:
D:1:      minmay_arrival_diagonal_passages, layout_rooms, minivault_4

Action                     || total
---------------------------++-------
  Melee: Dagger            ||     9
   Cast: Sandblast         ||     8
 Armour: Robe              ||     6
  Dodge: Dodged            ||     7
